TOP OF THE 1ST |
San Bernardino Grasshoppers batting - Pitching for Belvedere Park Rawhides : RHP Darweshi Hadiya
|
Pitching: RHP Darweshi Hadiya
|
|
Batting: RHB Jouo Hirschovits
|
0-0: Ball 1-0: Bunt for hit - play at first, batter OUT! 1-3
|
Batting: RHB Reinaart Manshert
|
0-0: Ball 1-0: Foul Ball, location: 2F 1-1: SINGLE (Line Drive, 78S)
|
Batting: LHB Arana Sashi
|
0-0: Ball 1-0: Ball 2-0: Ball 3-0: Base on Balls Reinaart Manshert to second
|
Batting: RHB Kasper Schuilenberg
|
0-0: Ball Reinaart Manshert steals 3rd base 1-0: Called Strike 1-1: Ball 2-1: SINGLE (Flyball, 8LS) Reinaart Manshert scores Arana Sashi to second Runner from 2nd tries for 3rd, OUT!
|
Batting: RHB Felix Plugge
|
0-0: Swinging Strike 0-1: Ball 1-1: Swinging Strike 1-2: Ball 2-2: Strikes out swinging
|
Top of the 1st over - 1 run, 2 hits, 0 errors, 1 left on base; San Bernardino 1 - Belvedere Park 0 |
BOTTOM OF THE 1ST |
Belvedere Park Rawhides batting - Pitching for San Bernardino Grasshoppers : RHP Behar Jusufi
|
Pitching: RHP Behar Jusufi
|
|
Batting: LHB Dan O'Day
|
0-0: Ball 1-0: Ball 2-0: Ball 3-0: Base on Balls
|
Batting: SHB Adrián Zamudio
|
0-0: Ball Dan O'Day is caught stealing 2nd base 1-0: Ball 2-0: Called Strike 2-1: Foul Ball, location: 2F 2-2: Ball 3-2: Foul Ball, location: 2F 3-2: Base on Balls
|
Batting: RHB Pat Lloyd
|
0-0: Ball 1-0: Swinging Strike 1-1: Ball 2-1: Called Strike 2-2: Strikes out swinging
|
Batting: LHB Juan Alvarado
|
0-0: Foul Ball, location: 2F 0-1: Foul Ball, location: 2F 0-2: Ball 1-2: Strikes out swinging
|
Bottom of the 1st over - 0 runs, 0 hits, 0 errors, 1 left on base; San Bernardino 1 - Belvedere Park 0 |
TOP OF THE 2ND |
San Bernardino Grasshoppers batting - Pitching for Belvedere Park Rawhides : RHP Darweshi Hadiya
|
Batting: RHB Ronald Comejo
|
0-0: Ground out 1-3 (Groundball, 13S)
|
Batting: RHB Jorge Durán
|
0-0: Called Strike 0-1: Ball 1-1: Foul Ball, location: 2F 1-2: Foul Ball, location: 2F 1-2: Foul Ball, location: 2F 1-2: Fly out, F9 (Flyball, 89M)
|
Batting: RHB Jason Bringle
|
0-0: Called Strike 0-1: Ball 1-1: Swinging Strike 1-2: Ball 2-2: SINGLE (Groundball, 5D)
|
Batting: RHB Ernesto Deleón
|
0-0: Called Strike Jason Bringle steals 2nd base 0-1: Ball 1-1: Ball 2-1: Called Strike 2-2: Ball 3-2: Foul Ball, location: 2F 3-2: Ground out 6-3 (Groundball, 6)
|
Top of the 2nd over - 0 runs, 1 hit, 0 errors, 1 left on base; San Bernardino 1 - Belvedere Park 0 |
BOTTOM OF THE 2ND |
Belvedere Park Rawhides batting - Pitching for San Bernardino Grasshoppers : RHP Behar Jusufi
|
Batting: SHB Eduardo Pampin
|
0-0: Ball 1-0: Ball 2-0: Ball 3-0: Foul Ball, location: 2F 3-1: Foul Ball, location: 2F 3-2: Fly out, F9 (Flyball, 89M)
|
Batting: RHB Harry Gibson
|
0-0: Ball 1-0: Swinging Strike 1-1: SINGLE (Groundball, 56) (infield hit)
|
Batting: RHB Jorge Alcantar
|
0-0: Ball 1-0: Called Strike 1-1: Ball 2-1: Foul Ball, location: 2F 2-2: Fly out, F7 (Flyball, 7LM)
|
Batting: RHB Ed Jozwiak
|
0-0: Called Strike Harry Gibson steals 2nd base 0-1: Ball 1-1: Foul Ball, location: 2F 1-2: SINGLE (Groundball, 56D) Harry Gibson to third Runner from 3rd tries for Home, SAFE, no throw
|
Batting: RHB Pat Sizemore
|
0-0: Called Strike 0-1: Called Strike 0-2: Foul Ball, location: 2F 0-2: Ball Ed Jozwiak is caught stealing 2nd base
|
Bottom of the 2nd over - 1 run, 2 hits, 0 errors, 0 left on base; San Bernardino 1 - Belvedere Park 1 |
TOP OF THE 3RD |
San Bernardino Grasshoppers batting - Pitching for Belvedere Park Rawhides : RHP Darweshi Hadiya
|
Batting: RHB Jouo Hirschovits
|
0-0: DOUBLE (Line Drive, 7LM)
|
Batting: RHB Reinaart Manshert
|
0-0: Foul Ball, location: 2F 0-1: Ball 1-1: Ground out 5-3 (Groundball, 56)
|
Batting: LHB Arana Sashi
|
0-0: Called Strike Jouo Hirschovits steals 3rd base 0-1: Ball 1-1: Fly out, F2 (Popup, 25F)
|
Batting: RHB Kasper Schuilenberg
|
0-0: Ball 1-0: Fly out, F3 (Popup, 3S)
|
Top of the 3rd over - 0 runs, 1 hit, 0 errors, 1 left on base; San Bernardino 1 - Belvedere Park 1 |
BOTTOM OF THE 3RD |
Belvedere Park Rawhides batting - Pitching for San Bernardino Grasshoppers : RHP Behar Jusufi
|
Batting: RHB Pat Sizemore
|
0-0: Ball 1-0: Ball 2-0: Foul Ball, location: 2F 2-1: Called Strike 2-2: Ball 3-2: Base on Balls
|
Batting: LHB Dan O'Day
|
0-0: Ball 1-0: Ball 2-0: Foul Ball, location: 2F 2-1: Ball Wild Pitch! Pat Sizemore to second 3-1: Fly out, F9 (Line Drive, 89M)
|
Batting: SHB Adrián Zamudio
|
0-0: Called Strike 0-1: Called Strike 0-2: Ball 1-2: SINGLE (Line Drive, 5L) Pat Sizemore to third Runner from 3rd tries for Home, SAFE, throw made home
|
Batting: RHB Pat Lloyd
|
0-0: Called Strike 0-1: Ball 1-1: Ball 2-1: Grounds into double play, 6-4-3 (Groundball, 6)
|
Bottom of the 3rd over - 1 run, 1 hit, 0 errors, 0 left on base; San Bernardino 1 - Belvedere Park 2 |
TOP OF THE 4TH |
San Bernardino Grasshoppers batting - Pitching for Belvedere Park Rawhides : RHP Darweshi Hadiya
|
Batting: RHB Felix Plugge
|
0-0: Called Strike 0-1: Ground out 6-3 (Groundball, 6S)
|
Batting: RHB Ronald Comejo
|
0-0: Called Strike 0-1: Ball 1-1: Ball 2-1: Ball 3-1: Base on Balls
|
Batting: RHB Jorge Durán
|
0-0: Ball 1-0: Fielders Choice at 2nd, 6-4 (Groundball, 6M)
|
Batting: RHB Jason Bringle
|
0-0: Ball 1-0: Ball 2-0: SINGLE (Groundball, 4M) (infield hit) Jorge Durán to second
|
Batting: RHB Ernesto Deleón
|
0-0: Called Strike 0-1: Ball 1-1: Ball 2-1: Foul Ball, location: 2F 2-2: Strikes out swinging
|
Top of the 4th over - 0 runs, 1 hit, 0 errors, 2 left on base; San Bernardino 1 - Belvedere Park 2 |
BOTTOM OF THE 4TH |
Belvedere Park Rawhides batting - Pitching for San Bernardino Grasshoppers : RHP Behar Jusufi
|
Batting: LHB Juan Alvarado
|
0-0: Called Strike 0-1: Ball 1-1: Ball 2-1: Ball 3-1: DOUBLE (Groundball, 3L)
|
Batting: SHB Eduardo Pampin
|
0-0: Ball Juan Alvarado steals 3rd base 1-0: Ball Balk! Juan Alvarado scores 2-0: Called Strike 2-1: Ball 3-1: Called Strike 3-2: Fly out, F9 (Flyball, 9LS)
|
Batting: RHB Harry Gibson
|
0-0: Ball 1-0: Called Strike 1-1: Called Strike 1-2: Strikes out swinging
|
Batting: RHB Jorge Alcantar
|
0-0: Called Strike 0-1: Called Strike 0-2: Foul Ball, location: 2F 0-2: Strikes out swinging
|
Bottom of the 4th over - 1 run, 1 hit, 0 errors, 0 left on base; San Bernardino 1 - Belvedere Park 3 |
TOP OF THE 5TH |
San Bernardino Grasshoppers batting - Pitching for Belvedere Park Rawhides : RHP Darweshi Hadiya
|
Batting: RHB Jouo Hirschovits
|
0-0: Ball 1-0: Foul Ball, location: 2F 1-1: Called Strike 1-2: Ball 2-2: Strikes out swinging
|
Batting: RHB Reinaart Manshert
|
0-0: Ground out 6-3 (Groundball, 6)
|
Batting: LHB Arana Sashi
|
0-0: Ball 1-0: Foul Ball, location: 2F 1-1: Foul Ball, location: 2F 1-2: Ball 2-2: Foul Ball, location: 2F 2-2: Fly out, F9 (Flyball, 9)
|
Top of the 5th over - 0 runs, 0 hits, 0 errors, 0 left on base; San Bernardino 1 - Belvedere Park 3 |
BOTTOM OF THE 5TH |
Belvedere Park Rawhides batting - Pitching for San Bernardino Grasshoppers : RHP Behar Jusufi
|
Batting: RHB Ed Jozwiak
|
0-0: Ball 1-0: Called Strike 1-1: Ball 2-1: Ball 3-1: Foul Ball, location: 2F 3-2: Foul Ball, location: 2F 3-2: SINGLE (Groundball, 56D)
|
Batting: RHB Pat Sizemore
|
0-0: Foul Ball, location: 2F 0-1: Ball Ed Jozwiak steals 2nd base 1-1: Foul Ball, location: 2F 1-2: Ball 2-2: Foul Ball, location: 2F 2-2: Ball 3-2: Base on Balls
|
Pitching: RHP Isaac Steel
|
|
Batting: LHB Dan O'Day
|
0-0: Ball 1-0: Ball 2-0: Ball 3-0: Base on Balls Ed Jozwiak to third Pat Sizemore to second
|
Batting: SHB Adrián Zamudio
|
0-0: Called Strike 0-1: Ball 1-1: Fly out, F2 (Popup, 2LF)
|
Batting: RHB Pat Lloyd
|
0-0: Grounds into double play, 6-4-3 (Groundball, 6)
|
Bottom of the 5th over - 0 runs, 1 hit, 0 errors, 2 left on base; San Bernardino 1 - Belvedere Park 3 |
TOP OF THE 6TH |
San Bernardino Grasshoppers batting - Pitching for Belvedere Park Rawhides : RHP Darweshi Hadiya
|
Batting: RHB Kasper Schuilenberg
|
0-0: Called Strike 0-1: Called Strike 0-2: Ball 1-2: Ball 2-2: Strikes out looking
|
Batting: RHB Felix Plugge
|
0-0: Ball 1-0: Foul Ball, location: 2F 1-1: Ball 2-1: Called Strike 2-2: Ground out 6-3 (Groundball, 6M)
|
Batting: RHB Ronald Comejo
|
0-0: Called Strike 0-1: Ball 1-1: Foul Ball, location: 2F 1-2: Ball 2-2: Hit by Pitch
|
Pitching: LHP Bettino Banditelli
|
|
Batting: RHB Jorge Durán
|
0-0: Ball 1-0: Ball 2-0: Called Strike 2-1: Foul Ball, location: 2F 2-2: Fly out, F8 (Flyball, 8LXD)
|
Top of the 6th over - 0 runs, 0 hits, 0 errors, 1 left on base; San Bernardino 1 - Belvedere Park 3 |
BOTTOM OF THE 6TH |
Belvedere Park Rawhides batting - Pitching for San Bernardino Grasshoppers : RHP Isaac Steel
|
Batting: LHB Juan Alvarado
|
0-0: Ball 1-0: Ground out 5-3 (Groundball, 56)
|
Batting: SHB Eduardo Pampin
|
0-0: Called Strike 0-1: Swinging Strike 0-2: Ball 1-2: Ball 2-2: SINGLE (Flyball, 8LS)
|
Batting: RHB Harry Gibson
|
0-0: Swinging Strike 0-1: Foul Ball, location: 2F 0-2: Strikes out looking
|
Batting: RHB Jorge Alcantar
|
0-0: Ball 1-0: Ball 2-0: Called Strike 2-1: Swinging Strike 2-2: Strikes out looking
|
Bottom of the 6th over - 0 runs, 1 hit, 0 errors, 1 left on base; San Bernardino 1 - Belvedere Park 3 |
TOP OF THE 7TH |
San Bernardino Grasshoppers batting - Pitching for Belvedere Park Rawhides : LHP Bettino Banditelli
|
Batting: RHB Jason Bringle
|
0-0: Ball 1-0: Ground out 5-3 (Groundball, 56)
|
Batting: RHB Ernesto Deleón
|
0-0: Ball 1-0: Foul Ball, location: 2F 1-1: SINGLE (Line Drive, 7LS)
|
Batting: RHB Jouo Hirschovits
|
0-0: Ball 1-0: Ball 2-0: Called Strike 2-1: Ball 3-1: Fly out, F8 (Flyball, 89M)
|
Batting: RHB Reinaart Manshert
|
0-0: Ball 1-0: Ball 2-0: Fly out, F7 (Flyball, 7LSF)
|
Top of the 7th over - 0 runs, 1 hit, 0 errors, 1 left on base; San Bernardino 1 - Belvedere Park 3 |
BOTTOM OF THE 7TH |
Belvedere Park Rawhides batting - Pitching for San Bernardino Grasshoppers : RHP Isaac Steel
|
Batting: RHB Ed Jozwiak
|
0-0: Swinging Strike 0-1: Foul Ball, location: 2F 0-2: Ball 1-2: Foul Ball, location: 2F 1-2: Ground out 1-3 (Groundball, P)
|
Batting: RHB Pat Sizemore
|
0-0: Ball 1-0: Ball 2-0: Ball 3-0: Base on Balls
|
Batting: LHB Dan O'Day
|
0-0: Ball 1-0: Ball 2-0: Foul Ball, location: 2F 2-1: Foul Ball, location: 2F 2-2: SINGLE (Groundball, 25) (infield hit) Pat Sizemore to second
|
Batting: SHB Adrián Zamudio
|
0-0: Called Strike 0-1: DOUBLE (Line Drive, 78D) Pat Sizemore scores Dan O'Day to third Runner from 3rd tries for Home, SAFE, no throw
|
Batting: RHB Pat Lloyd
|
0-0: Intentional Walk
|
Pitching: LHP Xavier Medina
|
|
Batting: LHB Juan Alvarado
|
0-0: Called Strike 0-1: DOUBLE (Groundball, 3L) Adrián Zamudio scores Pat Lloyd to third
|
Batting: SHB Eduardo Pampin
|
0-0: Ball 1-0: Ball 2-0: Ball 3-0: Base on Balls
|
Batting: RHB Harry Gibson
|
0-0: SINGLE (Groundball, 34D) Pat Lloyd scores Juan Alvarado to third Eduardo Pampin to second Runner from 3rd tries for Home, SAFE, no throw
|
Batting: RHB Jorge Alcantar
|
0-0: Ball 1-0: Called Strike 1-1: Called Strike 1-2: Ball 2-2: Ball 3-2: Foul Ball, location: 2F 3-2: Base on Balls Eduardo Pampin to third Harry Gibson to second
|
Batting: RHB Ed Jozwiak
|
0-0: Fly out, F8 (Flyball, 8RD) Runner from 3rd tags up, SCORES, throw made
|
Batting: RHB Pat Sizemore
|
0-0: TRIPLE (Flyball, 89XD) Harry Gibson scores Jorge Alcantar scores
|
Batting: LHB Dan O'Day
|
0-0: Called Strike 0-1: Ball 1-1: Ball 2-1: Foul Ball, location: 2F 2-2: Ball 3-2: SINGLE (Groundball, 4MD) Pat Sizemore scores
|
Batting: SHB Adrián Zamudio
|
0-0: Called Strike Dan O'Day steals 2nd base 0-1: Swinging Strike 0-2: Ball 1-2: Ground out U3 (Groundball, 3)
|
Bottom of the 7th over - 9 runs, 6 hits, 0 errors, 1 left on base; San Bernardino 1 - Belvedere Park 12 |
TOP OF THE 8TH |
San Bernardino Grasshoppers batting - Pitching for Belvedere Park Rawhides : LHP Bettino Banditelli
|
Now at 1B: Ángel Costa
|
|
Batting: LHB Arana Sashi
|
0-0: Called Strike 0-1: Ball 1-1: Ball 2-1: Foul Ball, location: 2F 2-2: Foul Ball, location: 2F 2-2: Fly out, F7 (Flyball, 78S)
|
Batting: RHB Kasper Schuilenberg
|
0-0: DOUBLE (Line Drive, 3D)
|
Batting: RHB Felix Plugge
|
0-0: Ground out 5-3 (Groundball, 56S) Kasper Schuilenberg to third
|
Batting: RHB Ronald Comejo
|
0-0: Ball 1-0: Ground out 4-3 (Groundball, 4)
|
Top of the 8th over - 0 runs, 1 hit, 0 errors, 1 left on base; San Bernardino 1 - Belvedere Park 12 |
BOTTOM OF THE 8TH |
Belvedere Park Rawhides batting - Pitching for San Bernardino Grasshoppers : LHP Xavier Medina
|
Batting: RHB Pat Lloyd
|
0-0: Ball 1-0: Ball 2-0: Called Strike 2-1: Foul Ball, location: 2F 2-2: Foul Ball, location: 2F 2-2: Ball 3-2: Base on Balls
|
Batting: LHB Juan Alvarado
|
0-0: Called Strike 0-1: Called Strike 0-2: Ball 1-2: Strikes out swinging
|
Batting: SHB Eduardo Pampin
|
0-0: Fly out, F9 (Flyball, 89S)
|
Batting: RHB Harry Gibson
|
0-0: Called Strike 0-1: Called Strike 0-2: Ball 1-2: Ball 2-2: Ball 3-2: Foul Ball, location: 2F 3-2: Base on Balls Pat Lloyd to second
|
Batting: RHB Jorge Alcantar
|
0-0: Swinging Strike 0-1: Ball 1-1: Ball 2-1: Called Strike 2-2: Foul Ball, location: 2F 2-2: SINGLE (Flyball, 89S) Pat Lloyd to third Harry Gibson to second Runner from 3rd tries for Home, SAFE, no throw
|
Batting: RHB Ed Jozwiak
|
0-0: Ball 1-0: Ball 2-0: Called Strike 2-1: Ball 3-1: Base on Balls Harry Gibson to third Jorge Alcantar to second
|
Batting: RHB Pat Sizemore
|
0-0: Ball 1-0: Swinging Strike 1-1: Ball Wild Pitch! Harry Gibson scores Jorge Alcantar to third Ed Jozwiak to second 2-1: Ground out 6-3 (Groundball, 6)
|
Bottom of the 8th over - 2 runs, 1 hit, 0 errors, 2 left on base; San Bernardino 1 - Belvedere Park 14 |
TOP OF THE 9TH |
San Bernardino Grasshoppers batting - Pitching for Belvedere Park Rawhides : LHP Bettino Banditelli
|
Now at C: José Pérez
|
|
Now at 2B: José Luque
|
|
Batting: RHB Jorge Durán
|
0-0: Ball 1-0: Ball 2-0: Ground out 6-3 (Groundball, 6)
|
Batting: RHB Jason Bringle
|
0-0: Foul Ball, location: 2F 0-1: Ball 1-1: Foul Ball, location: 2F 1-2: Ball 2-2: Ground out 6-3 (Groundball, 6)
|
Batting: RHB Ernesto Deleón
|
0-0: Swinging Strike 0-1: Ball 1-1: Swinging Strike 1-2: Ball 2-2: Strikes out swinging
|
Top of the 9th over - 0 runs, 0 hits, 0 errors, 0 left on base; San Bernardino 1 - Belvedere Park 14 |
|